 Dungeon Crawl Stone Soup version 0.20-a0-1075-gc475d56 (webtiles) character file.

20688 AlphabetPasta the Quickloader (level 12, -3/72 HPs)
             Began as a Gargoyle Arcane Marksman on Apr 29, 2017.
             Was a High Priest of Okawaru.
             Slain by a blink frog (12 damage)
             ... on level 2 of the Lair of Beasts on Apr 30, 2017.
             The game lasted 01:24:55 (15525 turns).

AlphabetPasta the Quickloader (GrAM)               Turns: 15525, Time: 01:24:55

Health: -3/72      AC: 20    Str: 14    XL:     12   Next: 82%
Magic:  21/21      EV: 18    Int: 16    God:    Okawaru [*****.]
Gold:   598        SH:  3    Dex: 13    Spells: 9/23 levels left

rFire    + . .     SeeInvis .   c - +0 war axe
rCold    + . .     Gourm    .   (no shield)
rNeg     + . .     Faith    .   N - +0 troll leather armour
rPois    ∞         Spirit   .   q - +1 helmet
rElec    +         Reflect  +   K - scarf {rC+ rF+}
rCorr    .         Harm     .   U - +2 pair of gloves {archery}
MR       ++...                  (no boots)
Stlth    +++.......             r - +3 amulet of reflection
Regen    0.7/turn               s - ring of protection from magic
MPRegen  0.2/turn               S - ring of protection from magic

@: heroism
A: negative energy resistance 1, electricity resistance, unbreathing,
petrification resistance, rot immunity, AC +8
a: Heroism, Finesse, Renounce Religion


You were on level 2 of the Lair of Beasts.
You worshipped Okawaru.
Okawaru was extremely pleased with you.
You were not hungry.

You visited 3 branches of the dungeon, and saw 16 of its levels.

You collected 793 gold pieces.
You spent 195 gold pieces at shops.

Inventory:

Hand Weapons
 a - a +3 short sword of venom
 b - a +1 hand crossbow
 c - a +0 war axe (weapon)
Missiles
 d - 162 bolts
 y - 2 javelins (quivered)
Armour
 q - a +1 helmet (worn)
 K - a scarf of resistance (worn)
 N - a +0 troll leather armour (worn)
 U - a +2 pair of gloves of archery (worn)
Jewellery
 h - an uncursed amulet of the gourmand {unknown}
 k - an uncursed ring of fire
 r - a +3 amulet of reflection (around neck)
 s - a ring of protection from magic (left hand)
 z - an uncursed ring of magical power
 A - an uncursed ring of protection from cold
 F - an uncursed amulet of harm {unknown}
 P - an uncursed ring of positive energy
 S - a ring of protection from magic (right hand)
Wands
 o - a wand of iceblast (9/15)
 v - a wand of digging (15/24)
 D - a wand of random effects (15/48)
 E - a wand of paralysis (8/24)
 H - a wand of paralysis (16/24)
 I - a wand of lightning (1/15)
 M - a wand of confusion (4/48)
 T - a wand of disintegration (18/24)
 V - a wand of lightning (7/15)
 W - a wand of iceblast (6/15)
 Z - a wand of clouds (4/9)
Scrolls
 g - 3 scrolls of fog
 l - 2 scrolls of recharging
 m - 3 scrolls of teleportation
 p - 6 scrolls of magic mapping
 u - 6 scrolls of remove curse
 G - 4 scrolls of amnesia
 O - 2 scrolls of enchant armour
Potions
 i - 3 potions of resistance
 w - 4 potions of flight
 J - a potion of agility
 L - a potion of brilliance {unknown}
 R - a potion of magic {unknown}
 X - 3 potions of curing
Books
 C - a book of Debilitation

   Spells                             Type                      Level
   a - Corona                         Hexes                        1
   b - Slow                           Hexes                        2
   c - Inner Flame                    Hexes/Fire                   3
   d - Portal Projectile              Hexes/Translocation          3
   e - Cause Fear                     Hexes                        4
   f - Leda's Liquefaction            Hexes/Earth                  4
Comestibles
 f - 10 bread rations
 j - 9 meat rations
 x - 2 royal jellies
 Y - 7 fruits


   Skills:
 + Level 7.4(12.4) Fighting
 * Level 7.3(12.3) Axes
 * Level 9.7(14.7) Crossbows
 - Level 5.0(10.0) Armour
 + Level 5.9(10.9) Dodging
 + Level 6.1 Spellcasting
 + Level 9.0 Hexes
 + Level 3.9 Earth Magic
 + Level 5.7 Invocations
 - Level 1.9 Evocations


You had 9 spell levels left.
You knew the following spells:

 Your Spells              Type           Power        Failure   Level  Hunger
a - Corona                Hex            ####...      1%          1    None
b - Slow                  Hex            ####....     1%          2    #......
c - Portal Projectile     Hex/Tloc       ###...       8%          3    ##.....
d - Cause Fear            Hex            ####......   3%          4    ####...
e - Leda's Liquefaction   Hex/Erth       ####......   11%         4    ####...


Dungeon Overview and Level Annotations

Branches:
Dungeon (13/15)            Temple (1/1) D:4            Lair (2/6) D:10
  Swamp (0/4) Lair:2          Orc (0/2) D:10
  Snake: Lair:2-4    Spider: Lair:2-4    Vaults: D:13-14

Altars:
Ashenzari
Cheibriados
Dithmenos
Elyvilon
Fedhas
Gozag
Hepliaklqana
Kikubaaqudgha
Makhleb
Nemelex Xobeh
Okawaru
Qazlal
Ru
Sif Muna
Trog
Uskayaw
Vehumet
Wu Jian
Xom
Yredelemnul
Zin
The Shining One

Shops:
D:8 (   D:10 [

Annotations:
D:7 three's ghost, novice OgMo
D:12 AlphabetPasta's ghost, journeyman GnAs; Lookapuppie's ghost, journeyman MiBe
Lair:1 exclusion: oklob plant


Innate Abilities, Weirdness & Mutations

You are resistant to torment.
Your stone body is resilient. (AC +8)
You are immune to poison.
You resist negative energy. (rN+)
You are resistant to electric shocks. (rElec)
You can survive without breathing.
You are immune to petrification.
You are immune to rotting.


Message History

The blink frog is moderately wounded.
The blink frog misses you. The blink frog completely misses you.
You hit the blink frog.
The blink frog is almost dead.
You miss the blink frog.
The blink frog hits you but does no damage. x2
Unknown command.
You slash the blink frog!
You kill the blink frog!
Okawaru accepts your kill.
You closely miss the blink frog. You miss the blink frog.
The blink frog completely misses you. The blink frog hits you.
* * * LOW HITPOINT WARNING * * *
Unknown command.
You miss the blink frog.
The blink frog is moderately wounded.
You slash the blink frog! The blink frog hits you!
* * * LOW HITPOINT WARNING * * *
You block the blink frog's attack. The blink frog hits you!
You die...

♣...........## #..#.......#
♣#♣♣###....### ####...(....##
##.######.## #P....(.....#
..###.# #.#######....(.....##
.....####..#.#.............##
#......#P..#................#
###.........................#
###............(.........##
##P....###.†@F..######..#
##...#......F.## .#.#
##...........## .. .#
#...#.........# .. #.
##...#......### ##. ####
#...##....###
.#.####.#####..## #...##P.##
#### ....###..#


You could see 2 blink frogs.

Vanquished Creatures
  Harold (Lair:2)
  A hydra (D:11)
  3 two-headed ogres
  The ghost of Jraekied the Frost Mage, a novice DsIE of Sif Muna (D:8)
  An unseen horror (D:10)
  Pikel (D:3)
  A deep elf mage (D:10)
  2 ugly things (D:11)
  A centaur zombie (D:11)
  Joseph (D:9)
  A gargoyle (D:10)
  2 black mambas
  3 spiny frogs
  A komodo dragon (Lair:2)
  A hornet (D:10)
  A merfolk (D:10)
  2 trolls
  3 blink frogs (Lair:2)
  Grinder (D:3)
  3 hippogriffs
  A wyvern (D:8)
  A vampire (D:11)
  12 yaks
  2 basilisks
  2 hungry ghosts
  Menkaure (D:5)
  6 swamp worms (Lair:2)
  4 water moccasins
  Duvessa (D:6)
  6 porcupines
  An orc warrior (D:10)
  A sky beast (D:9)
  A hornet zombie (D:8)
  An ice beast (D:5)
  An eye of draining (D:11)
  A slave (D:3)
  A black bear (D:10)
  3 ogres
  A necrophage (D:9)
  2 phantoms
  3 wolves (Lair:1)
  7 centaurs
  5 crocodiles
  A big kobold (D:9)
  6 bullfrogs
  Dowan (D:6)
  A water moccasin skeleton (D:7)
  A water moccasin zombie (D:10)
  8 scorpions
  5 killer bees (D:7)
  4 wights
  2 electric eels
  5 crimson imps
  2 quasits
  A bullfrog zombie (D:5)
  5 hounds
  6 jellies
  A centaur skeleton (D:4)
  5 orc priests
  A bullfrog skeleton (D:8)
  Jessica (D:3)
  A gnoll shaman (D:9)
  Ijyb (D:3)
  5 iguanas
  5 orc wizards
  9 worker ants
  A hound zombie (D:8)
  A hound skeleton (D:8)
  A worker ant zombie (D:11)
  Robin (D:2)
  6 gnolls (D:9)
  17 adders
  3 shadow imps
  3 oozes
  An adder zombie (D:10)
  2 adder skeletons (D:7)
  2 worms
  A dart slug (D:3)
  6 leopard geckos
  30 orcs
  12 bats
  3 giant cockroaches
  8 hobgoblins
  16 jackals
  9 kobolds
  5 quokkas
  5 frilled lizards
  15 goblins
  2 jackal skeletons (D:4)
  A leopard gecko skeleton (D:8)
  2 quokka zombies
  6 rats
  A plant (D:6)
332 creatures vanquished.

Vanquished Creatures (others)
  A fungus (Lair:1)
  A plant (D:6)
2 creatures vanquished.

Grand Total: 334 creatures vanquished

Notes
Turn   | Place    | Note
-------+----------+-------------------------------------------
     0 | D:1      | AlphabetPasta the Gargoyle Arcane Marksman began the quest for the Orb.
     0 | D:1      | Reached XP level 1. HP: 12/12 MP: 2/2
    70 | D:1      | Reached XP level 2. HP: 9/16 MP: 3/3
    77 | D:1      | Learned a level 2 spell: Slow
   572 | D:1      | Reached XP level 3. HP: 13/21 MP: 4/4
  1029 | D:2      | Found a white marble altar of Elyvilon.
  1067 | D:2      | Reached XP level 4. HP: 23/26 MP: 4/6
  1149 | D:2      | Noticed Robin
  1158 | D:2      | Killed Robin
  1382 | D:1      | Reached skill level 1 in Armour
  1898 | D:2      | Found a shimmering altar of Xom.
  2059 | D:3      | Noticed Ijyb
  2065 | D:3      | Noticed Grinder
  2144 | D:2      | Reached XP level 5. HP: 27/31 MP: 7/7
  2214 | D:3      | Killed Grinder
  2214 | D:3      | Reached XP level 6. HP: 36/36 MP: 7/9
  2266 | D:3      | Killed Ijyb
  2418 | D:3      | Learned a level 2 spell: Slow
  2609 | D:3      | Found a faded altar of an unknown god.
  2635 | D:3      | Noticed Jessica
  2642 | D:3      | Killed Jessica
  2939 | D:3      | Reached XP level 7. HP: 40/40 MP: 10/10
  3346 | D:4      | Reached skill level 1 in Evocations
  3407 | D:4      | Found a glowing golden altar of the Shining One.
  3586 | D:4      | Noticed Pikel
  3748 | D:3      | Killed Pikel
  3748 | D:3      | Reached XP level 8. HP: 41/48 MP: 10/12
  3876 | D:4      | Found a staircase to the Ecumenical Temple.
  3908 | Temple   | Entered the Ecumenical Temple
  3927 | Temple   | Became a worshipper of Warmaster Okawaru
  4194 | D:4      | Reached skill level 5 in Crossbows
  4413 | D:5      | Entered Level 5 of the Dungeon
  4443 | D:5      | Noticed Menkaure
  4450 | D:5      | Killed Menkaure
  4453 | D:5      | Reached skill level 5 in Hexes
  4453 | D:5      | Reached skill level 1 in Invocations
  4858 | D:5      | Reached * piety under Okawaru
  4958 | D:5      | Reached XP level 9. HP: 52/52 MP: 14/14
  5391 | D:6      | Noticed a two-headed ogre
  5411 | D:6      | Killed a two-headed ogre
  5411 | D:6      | Reached skill level 1 in Axes
  5978 | D:6      | Found a deep blue altar of Sif Muna.
  5986 | D:6      | Noticed Duvessa
  5987 | D:6      | Noticed Dowan
  6001 | D:6      | Killed Duvessa
  6013 | D:6      | Killed Dowan
  6562 | D:6      | Reached skill level 5 in Fighting
  6567 | D:6      | Reached ** piety under Okawaru
  6851 | D:7      | Reached XP level 10. HP: 59/59 MP: 14/16
  6902 | D:7      | Learned a level 3 spell: Portal Projectile
  6939 | D:7      | Noticed three's ghost (novice OgMo)
  7465 | D:7      | Reached skill level 5 in Armour
  7665 | D:8      | Noticed Psyche
  7666 | D:8      | Noticed Psyche
  7666 | D:8      | Psyche changed into Psyche the crocodile
  7677 | D:8      | Killed Psyche the crocodile
  7961 | D:8      | Found Citan's Weapon Shop.
  8312 | D:8      | Found a shattered altar of Ashenzari.
  8327 | D:8      | Noticed a two-headed ogre
  8328 | D:8      | Noticed Jraekied's ghost (novice DsIE)
  8478 | D:8      | Killed a two-headed ogre
  8478 | D:8      | Reached *** piety under Okawaru
  8533 | D:8      | Killed Jraekied's ghost
  8773 | D:8      | Reached **** piety under Okawaru
  9283 | D:9      | Noticed Joseph
  9283 | D:9      | Paralysed by Joseph for 7 turns
  9301 | D:9      | Killed Joseph
  9301 | D:9      | Reached XP level 11. HP: 64/64 MP: 16/18
  9501 | D:9      | Found an opulent altar of Gozag.
  9611 | D:9      | Noticed a two-headed ogre
  9689 | D:9      | Killed a two-headed ogre
  9689 | D:9      | Reached skill level 5 in Axes
  9828 | D:9      | Found an ornate altar of the Wu Jian Council.
  9973 | D:10     | Entered Level 10 of the Dungeon
 10134 | D:10     | Noticed a deep elf mage
 10144 | D:10     | Killed a deep elf mage
 10144 | D:10     | Reached ***** piety under Okawaru
 10359 | D:10     | Received a gift from Okawaru
 10382 | D:10     | Learned a level 4 spell: Cause Fear
 10537 | D:10     | Reached skill level 5 in Spellcasting
 10543 | D:10     | Learned a level 4 spell: Leda's Liquefaction
 10583 | D:10     | Found a staircase to the Orcish Mines.
 10660 | D:10     | Noticed an unseen horror
 10674 | D:10     | Killed an unseen horror
 10741 | D:10     | Found a staircase to the Lair.
 10854 | D:10     | Found Miesyvat's Antique Armour Shop.
 10865 | D:10     | Bought a pair of glowing gloves for 195 gold pieces
 10904 | D:10     | Reached skill level 1 in Earth Magic
 11047 | D:10     | HP: 1/65 [gargoyle/mace (11)]
 11056 | D:10     | HP: 3/65 [gargoyle/mace (12)]
 11224 | D:10     | You fall through a shaft for 3 floors!
 11224 | D:13     | Noticed an enchanted long sword
 11261 | D:11     | Noticed a green ugly thing
 11291 | D:11     | Killed a green ugly thing
 11959 | D:11     | Received a gift from Okawaru
 11959 | D:11     | Reached skill level 5 in Dodging
 11979 | D:11     | Received a gift from Okawaru
 12063 | D:11     | Got a shimmering chain mail
 12077 | D:11     | Identified the +4 chain mail "Upin" {rElec} (You found it on level 11 of the Dungeon)
 12132 | D:11     | Noticed a four-headed hydra
 12163 | D:11     | Noticed a green ugly thing
 12387 | D:11     | Reached XP level 12. HP: 71/71 MP: 20/20
 12511 | D:11     | Reached skill level 5 in Invocations
 12542 | D:11     | Killed a four-headed hydra
 12702 | D:11     | Received a gift from Okawaru
 12816 | D:12     | Noticed AlphabetPasta's ghost (journeyman GnAs)
 12816 | D:12     | Noticed Lookapuppie's ghost (journeyman MiBe)
 12866 | Lair:1   | Entered Level 1 of the Lair of Beasts
 13233 | Lair:1   | Found a blossoming altar of Fedhas.
 14243 | Lair:2   | Noticed Harold
 14261 | Lair:2   | Killed Harold
 14611 | Lair:2   | Identified a scroll of acquirement
 15111 | Lair:2   | Found a staircase to the Swamp.
 15525 | Lair:2   | Slain by a blink frog

Vault maps used:
D:1:      elethiomel_arrival_quiet
D:2:      tgw_xom, elyvilon_altar_5, first_bread, hangedman_decor_points,
          uniq_robin
D:3:      chequers_ecumenical_altar_island, uniq_ijyb, uniq_grinder,
          uniq_jessica
D:4:      tso_oasis_becter, minmay_temple_entry_statues_fountains, uniq_pikel
D:5:      uniq_menkaure
D:6:      nicolae_overflow_crystal_walls, serial_bayou_lagoon_a, uniq_duvessa
D:8:      cheibrodos_ashenzari_chains, serial_shops, nicolae_shop_crystal,
          uniq_psyche
D:9:      lemuel_coloured_pillars_altar, kennysheep_little_box, uniq_joseph
D:10:     lair_entry_dummy, orc_0_dummy, serial_shops, shop,
          hangedman_fish_farm, serial_bayou_pond_e, nrook_mini_vaults,
          minmay_misc_feat_x, eino_tiny_chamber
D:13:     erik_vaults_1, uniq_urug, uniq_sonja
Temple:   regret_index_temple_waves
Lair:1:   tgw_fedhas
Lair:2:   nicolae_swamp_entry_splash_gauntlet, lemuel_fruit_tree,
          grunt_megastairs_2, uniq_harold

Skill      XL: |  1  2  3  4  5  6  7  8  9 10 11 12 |
---------------+-------------------------------------+-----
Fighting       | 2 3 4 5 6 7 |  7.4
Crossbows      | 3 4 5 6 7 9 |  9.7
Hexes          | 3 4 5 6 7 8 9 |  9.0
Armour         | 1 2 3 4 5 |  5.0
Dodging        | 2 3 4 5 |  5.9
Spellcasting   | 2 3 4 5 6 |  6.1
Evocations     | 1 |  1.9
Invocations    | 1 2 4 5 |  5.7
Axes           | 2 4 6 7 |  7.3
Earth Magic    | 2 3 |  3.9

Action                   |  1- 3 |  4- 6 |  7- 9 | 10-12 || total
-------------------------+-------+-------+-------+-------++-------
Melee: Short sword       |   101 |   141 |   266 |   685 ||  1193
       War axe           |       |       |       |   300 ||   300
       Punch             |       |       |       |     2 ||     2
 Fire: Hand crossbow     |     8 |     2 |    62 |   253 ||   325
Throw: Javelin           |       |       |     1 |     1 ||     2
 Cast: Corona            |       |       |       |     9 ||     9
       Portal Projectile |       |       |       |     3 ||     3
Invok: Heroism           |       |       |     4 |    23 ||    27
       Finesse           |       |       |       |     4 ||     4
 Abil: Evoke Berserk Rag |       |       |       |     1 ||     1
Evoke: Wand              |       |       |       |     8 ||     8
  Use: Scroll            |       |     7 |     7 |    17 ||    31
       Potion            |       |     1 |     1 |     6 ||     8
 Stab: Sleeping          |       |       |       |     4 ||     4
       Paralysed         |       |       |       |     3 ||     3
       Confused          |       |       |       |     2 ||     2
  Eat: Chunk             |     1 |     6 |     7 |    20 ||    34
       Royal jelly       |       |       |     1 |     5 ||     6
       Fruit             |       |       |     3 |     4 ||     7
Armor: Robe              |    45 |    14 |       |       ||    59
       Ring mail         |       |    42 |    14 |       ||    56
       Leather armour    |       |       |    99 |   264 ||   363
       Troll leather arm |       |       |       |   266 ||   266
Dodge: Dodged            |    62 |    92 |   192 |   836 ||  1182
Block: Other             |       |       |       |    55 ||    55
